 Dungeon Crawl Stone Soup version 0.30-a0-743-gbfdf073431 (webtiles) character file.

Game seed: 13517492258669413159

21 Dirtsage the Slasher (level 2, 0/16 HPs)
             Began as a Vine Stalker Monk on Feb 7, 2023.
             Succumbed to an adder's poison
             ... on level 2 of the Dungeon.
             The game lasted 00:01:48 (1089 turns).

Dirtsage the Slasher (Vine Stalker Monk)            Turns: 1089, Time: 00:01:48

Health: 0/16       AC:  2    Str: 13    XL:     2   Next: 83%
Magic:  12/12      EV: 12    Int: 10    God:
Gold:   63         SH:  0    Dex: 16    Spells: 1/1 levels left

rFire   . . .      SeeInvis .    a - +0 falchion
rCold   . . .      Faith    .    (no shield)
rNeg    . . .      Spirit   +    b - +0 robe
rPois   .          Reflect  .    (no helmet)
rElec   .          Harm     .    (no cloak)
rCorr   .          Rampage  .    (no gloves)
Will    .....                    (no boots)
Stlth   +                        (no amulet)
HPRegen 0.22/turn                m - ring of magical power
MPRegen 0.13/turn                (no ring)

@: confused, lethally poisoned (0 -> -5), ambrosia-drunk
A: fangs 2, magic shield, antimagic bite, no potion heal 2
a: no special abilities


You were on level 2 of the Dungeon.
You visited 1 branch of the dungeon, and saw 2 of its levels.

You collected 63 gold pieces.

Inventory:

Hand Weapons
 a - a +0 falchion (weapon)
Armour
 b - a +0 robe (worn)
Magical Staves
 l - a staff of death
Jewellery
 m - a ring of magical power (left hand)
Scrolls
 e - a scroll of teleportation {unknown}
 f - a scroll of enchant armour {unknown}
 g - 2 scrolls of fear {unknown}
 h - a scroll of fog {unknown}
 i - 2 scrolls of identify {unknown}
Potions
 d - a potion of cancellation {unknown}
 j - 2 potions of curing {unknown}
 k - a potion of flight {unknown}


   Skills:
 + Level 3.0 Fighting
 * Level 3.3 Long Blades
 - Level 2.4 Dodging
 - Level 2.4 Stealth


You had one spell level left.
You didn't know any spells.
Your spell library contained the following spells:

 Spells                   Type           Power      Damage    Failure   Level
 Magic Dart               Conj           0%         1d3       36%         1
 Searing Ray              Conj           0%         2d4       50%         2
 Fulminant Prism          Conj/Hex       0%         3d5       98%         4


Dungeon Overview and Level Annotations

Branches:
Dungeon (2/15)

Altars:


Innate Abilities, Weirdness & Mutations

You have extremely sharp teeth.
When hurt, damage is shared between your health and your magic reserves.
Your bite disrupts and absorbs the magic of your enemies.
Potions cannot restore your health.


Message History

The adder is moderately wounded.
The adder bites you but does no damage. x2
You closely miss the adder. Your bite misses the adder.
The adder is moderately wounded.
The adder bites you.
You are poisoned.
The adder poisons you! The adder bites you.
You take 3 damage, and have 12/16 hp.
You now have 11/12 mp.
You closely miss the adder. Your bite misses the adder.
The adder is moderately wounded.
You feel sick.
The adder closely misses you. x3; The adder bites you.
You are more poisoned.
The adder poisons you!
You take 3 damage, and have 9/16 hp.
You now have 9/12 mp.
You are too injured to fight recklessly!
You are too injured to fight recklessly!
The adder attacks as you move away! The adder misses you.
The adder attacks as you move away! The adder bites you but does no damage.
You feel sick.
You take 1 damage, and have 8/16 hp.
You feel sick.
You take 2 damage, and have 6/16 hp.
The adder attacks as you move away! The adder completely misses you.
You feel sick.
You take 1 damage, and have 5/16 hp.
You feel sick. The adder bites you.
* * * LOW HITPOINT WARNING * * *
You are lethally poisoned!
The adder poisons you! The adder bites you.
* * * LOW HITPOINT WARNING * * *
The adder barely misses you.
You take 2 damage, and have 3/16 hp.
You now have 7/12 mp.
You are confused.
Your system rejects the healing.
You feel invigorated.
* * * LOW HITPOINT WARNING * * *
You feel sick. The adder closely misses you. The adder bites you.
You take 1 damage, and have 2/16 hp.
You regained 3 mp, and now have 10/12 mp.
Okay, then.
You die...

.........#####.# #.#
.........#####.#####.#
.........#...........#
......?..+....########
.........#....#
.........#....#
#.....#....#
####.###S#...^#
##.......@#....#
.......S###....#
...............#
<.......########
........# ........#
........# ........#
........#


You could see 2 adders.

Vanquished Creatures
  A worm (D:2)
  3 bats
  2 goblins
  A hobgoblin (D:1)
  A quokka (D:1)
  5 ball pythons
  3 kobolds (D:1)
  A rat (D:2)
17 creatures vanquished.

Notes
Turn   | Place    | Note
-------+----------+-------------------------------------------
     0 | D:1      | Dirtsage the Vine Stalker Monk began the quest for the Orb.
     0 | D:1      | Reached XP level 1. HP: 11/11 MP: 2/2
   252 | D:1      | Reached XP level 2. HP: 16/16 MP: 3/3
  1089 | D:2      | Succumbed to an adder's poison

Illustrated notes

Levels and vault maps discovered:
D:1:      lemuel_arrival_lava_pool, layout_basic, minmay_octomino_e4
D:2:      layout_basic, nicolae_half_adder

Skill      XL: |  1  2 |
---------------+-------+-----
Long Blades    | 3 |  3.3
Fighting       | 3 |  3.0
Dodging        | |  2.4
Stealth        | |  2.4

Action                     || total
---------------------------++-------
  Melee: Falchion          ||    42
         Bite              ||    11
         Punch             ||     1
    Use: Potion            ||     1
   Stab: Sleeping          ||     3
 Armour: Robe              ||    11
  Dodge: Dodged            ||    35

Table legend: (Time is in decaauts)
 A = Elapsed time spent in this place.
 B = Non-inter-level travel time spent in this place.
 C = Inter-level travel time spent in this place.
 D = Time resting spent in this place.
 E = Time spent auto-exploring this place.
 F = Levels seen in this place.
 G = Mean time per level.
                   A        B        C        D        E       F      G
               +--------+--------+--------+--------+--------+-----+--------+
         Total |   1094 |   1059 |     35 |      0 |    926 |   2 |  547.0 |
       Dungeon |   1094 |   1059 |     35 |      0 |    926 |   2 |  547.0 |
               +--------+--------+--------+--------+--------+-----+--------+

Top non-repeatable levels by time:
     D:1: 725 daAuts
     D:2: 368 daAuts
